[ PARTIDA AOE2 · #461062838 ]
UnrankedVietnamitas vs Italians
Equipo del jugador · VICT
Equipo rival · DERR
[ ANÁLISIS DE REPETICIÓN · EXTRAÍDO DE LA PARTIDA GRABADA ]
Feudal
8:51
Castillos
20:26
Imperial
35:00
| APM promedio | 61.3 |
| APM pico | 103 |
| eAPM promedio | 22.8 |
| Aldeanos / militares | 175 / 85 |
Foco
⚔️ 30.1% · 🌾 69.9%
Rattan Archer ×54 · Skirmisher ×16 · Trebuchet (Packed) ×6 · Scout Cavalry ×5 · Monk ×2 · Knight ×1
Feudal
9:29
Castillos
21:26
Imperial
38:53
| APM promedio | 46.3 |
| APM pico | 102 |
| eAPM promedio | 18.0 |
| Aldeanos / militares | 104 / 70 |
Foco
⚔️ 34.5% · 🌾 65.5%
Archer ×38 · Skirmisher ×13 · Mangonel ×9 · Spearman ×4 · Monk ×3 · Militia ×3
Mapa de la partida
Recursos iniciales + cada clic de construcción. Líneas = muros · curvas = relieve. ◆ oro · ⬟ piedra · ● bayas · ✦ reliquia · ◌ hueco del cierre
Tu base· Abierta — flanco sin cerrar
Base de Nathanael· ✓ Cerrada en 21:26 · 66t muro · sin puerta
Terreno inicial suavizado · ◌ = hueco del cierre detectado · pasá el cursor para detalles
Inputs por minuto
— Ikli_78 - - Nathanael
Build order — Ikli_78
Primeras 150 de 415 acciones detectadas
| 0:00 | Crear | Villager (Male) |
| 0:01 | Crear | Villager (Male) |
| 0:01 | Crear | Villager (Male) |
| 0:01 | Crear | Villager (Male) |
| 0:02 | Construir | House |
| 0:04 | Construir | House |
| 1:24 | Crear | Villager (Male) |
| 1:54 | Construir | Lumber Camp |
| 1:58 | Crear | Villager (Male) |
| 2:14 | Crear | Villager (Male) |
| 2:45 | Crear | Villager (Male) |
| 3:05 | Crear | Villager (Male) |
| 3:23 | Construir | House |
| 3:40 | Crear | Villager (Male) |
| 3:40 | Crear | Villager (Male) |
| 3:59 | Crear | Villager (Male) |
| 4:19 | Crear | Villager (Male) |
| 4:24 | Crear | Villager (Male) |
| 4:50 | Construir | Mill |
| 5:41 | Crear | Villager (Male) |
| 5:43 | Investigar | Loom |
| 6:34 | Investigar | Feudal Age |
| 7:11 | Crear | Villager (Male) |
| 7:39 | Construir | Barracks |
| 8:31 | Crear | Villager (Male) |
| 8:48 | Construir | House |
| 8:51 | Edad | Edad Feudal |
| 8:53 | Construir | Stable |
| 8:54 | Investigar | Double-Bit Axe |
| 8:55 | Investigar | Horse Collar |
| 8:56 | Crear | Villager (Male) |
| 9:17 | Crear | Spearman |
| 9:22 | Construir | Palisade Wall |
| 9:35 | Crear | Scout Cavalry |
| 9:39 | Construir | Farm |
| 9:43 | Crear | Villager (Male) |
| 9:45 | Construir | Farm |
| 10:09 | Construir | House |
| 10:11 | Crear | Villager (Male) |
| 10:12 | Construir | Farm |
| 10:14 | Construir | Farm |
| 10:19 | Crear | Villager (Male) |
| 10:19 | Crear | Scout Cavalry |
| 10:25 | Crear | Villager (Male) |
| 10:37 | Crear | Villager (Male) |
| 10:46 | Construir | House |
| 10:48 | Construir | Palisade Wall |
| 10:58 | Crear | Villager (Male) |
| 11:00 | Construir | Farm |
| 11:02 | Construir | Farm |
| 11:12 | Crear | Villager (Male) |
| 11:19 | Construir | House |
| 11:24 | Crear | Villager (Male) |
| 11:26 | Construir | Mill |
| 11:36 | Crear | Scout Cavalry |
| 12:13 | Crear | Villager (Male) |
| 12:16 | Construir | Farm |
| 12:17 | Construir | Farm |
| 12:29 | Crear | Villager (Male) |
| 12:31 | Construir | Farm |
| 12:34 | Construir | Farm |
| 12:37 | Construir | House |
| 12:39 | Construir | Palisade Wall |
| 12:46 | Crear | Villager (Male) |
| 12:57 | Construir | House |
| 13:24 | Crear | Villager (Male) |
| 13:31 | Construir | Archery Range |
| 13:36 | Crear | Villager (Male) |
| 13:38 | Construir | Mining Camp |
| 13:49 | Crear | Scout Cavalry |
| 13:53 | Crear | Villager (Male) |
| 14:21 | Crear | Villager (Male) |
| 14:23 | Construir | Farm |
| 14:24 | Construir | Farm |
| 14:26 | Crear | Skirmisher |
| 14:26 | Crear | Skirmisher |
| 14:27 | Construir | Palisade Wall |
| 14:33 | Crear | Scout Cavalry |
| 14:46 | Crear | Villager (Male) |
| 14:51 | Construir | Palisade Wall |
| 14:59 | Crear | Skirmisher |
| 15:04 | Crear | Skirmisher |
| 15:25 | Crear | Skirmisher |
| 15:26 | Crear | Villager (Male) |
| 15:33 | Crear | Villager (Male) |
| 15:46 | Crear | Skirmisher |
| 16:01 | Construir | Farm |
| 16:22 | Crear | Villager (Male) |
| 16:48 | Crear | Villager (Male) |
| 16:55 | Crear | Villager (Male) |
| 16:57 | Construir | Farm |
| 16:58 | Construir | Farm |
| 17:00 | Construir | Lumber Camp |
| 17:10 | Construir | House |
| 17:11 | Construir | House |
| 17:24 | Construir | Farm |
| 17:29 | Construir | Lumber Camp |
| 17:46 | Investigar | Castle Age |
| 18:05 | Construir | Blacksmith |
| 18:28 | Crear | Skirmisher |
| 18:28 | Crear | Skirmisher |
| 18:49 | Crear | Skirmisher |
| 18:51 | Construir | House |
| 18:52 | Construir | House |
| 18:59 | Investigar | Padded Archer Armor |
| 19:22 | Crear | Skirmisher |
| 19:26 | Construir | House |
| 19:26 | Construir | House |
| 19:28 | Construir | House |
| 19:36 | Investigar | Fletching |
| 19:39 | Crear | Skirmisher |
| 19:48 | Crear | Villager (Male) |
| 20:22 | Investigar | Town Watch |
| 20:22 | Investigar | Wheelbarrow |
| 20:26 | Edad | Edad de los Castillos |
| 20:33 | Investigar | Elite Skirmisher (upgrade) |
| 20:39 | Crear | Villager (Male) |
| 20:55 | Crear | Villager (Male) |
| 20:55 | Crear | Villager (Male) |
| 20:57 | Construir | University |
| 21:02 | Crear | Villager (Male) |
| 21:07 | Construir | Town Center |
| 21:12 | Crear | Villager (Male) |
| 21:13 | Investigar | Bow Saw |
| 21:50 | Construir | Town Center |
| 22:02 | Crear | Villager (Male) |
| 22:07 | Investigar | Hand Cart |
| 22:09 | Crear | Skirmisher |
| 22:09 | Crear | Skirmisher |
| 22:15 | Crear | Villager (Male) |
| 22:22 | Investigar | Heavy Plow |
| 22:40 | Crear | Villager (Male) |
| 22:46 | Crear | Villager (Male) |
| 22:46 | Crear | Villager (Male) |
| 22:48 | Crear | Villager (Male) |
| 22:48 | Crear | Villager (Male) |
| 23:06 | Crear | Skirmisher |
| 23:12 | Crear | Villager (Male) |
| 23:26 | Crear | Villager (Male) |
| 23:26 | Crear | Villager (Male) |
| 23:33 | Construir | Monastery |
| 23:46 | Crear | Knight |
| 23:46 | Crear | Villager (Male) |
| 23:56 | Crear | Villager (Male) |
| 23:59 | Crear | Skirmisher |
| 23:59 | Crear | Skirmisher |
| 24:01 | Crear | Villager (Male) |
| 24:08 | Investigar | Stone Mining |
| 24:14 | Crear | Villager (Male) |
| 24:16 | Construir | Farm |
Build order — Nathanael
Primeras 150 de 329 acciones detectadas
| 0:06 | Crear | Villager (Male) |
| 0:06 | Crear | Villager (Male) |
| 0:07 | Crear | Villager (Male) |
| 0:07 | Crear | Villager (Male) |
| 0:09 | Construir | House |
| 0:10 | Construir | House |
| 1:35 | Crear | Villager (Male) |
| 1:56 | Construir | Lumber Camp |
| 2:06 | Crear | Villager (Male) |
| 2:31 | Crear | Villager (Male) |
| 2:54 | Crear | Villager (Male) |
| 3:20 | Crear | Villager (Male) |
| 3:45 | Crear | Villager (Male) |
| 4:13 | Crear | Villager (Male) |
| 4:24 | Crear | Villager (Male) |
| 4:45 | Construir | House |
| 4:49 | Investigar | Loom |
| 4:53 | Crear | Villager (Male) |
| 5:14 | Crear | Villager (Male) |
| 5:34 | Construir | Mill |
| 5:40 | Crear | Villager (Male) |
| 5:52 | Crear | Villager (Male) |
| 6:29 | Crear | Villager (Male) |
| 6:34 | Construir | Barracks |
| 6:36 | Construir | Palisade Wall |
| 6:47 | Crear | Villager (Male) |
| 7:19 | Investigar | Feudal Age |
| 7:47 | Construir | Mining Camp |
| 7:53 | Construir | Palisade Wall |
| 8:06 | Construir | House |
| 8:08 | Crear | Militia |
| 8:08 | Crear | Militia |
| 8:46 | Crear | Militia |
| 8:49 | Construir | House |
| 8:56 | Construir | Palisade Wall |
| 8:57 | Construir | Palisade Wall |
| 9:29 | Edad | Edad Feudal |
| 9:33 | Crear | Spearman |
| 9:37 | Construir | House |
| 9:42 | Crear | Villager (Male) |
| 9:45 | Investigar | Double-Bit Axe |
| 9:50 | Crear | Villager (Male) |
| 9:55 | Construir | Archery Range |
| 10:02 | Construir | House |
| 10:16 | Crear | Villager (Male) |
| 10:35 | Investigar | Man-at-Arms (upgrade) |
| 10:45 | Crear | Villager (Male) |
| 10:54 | Construir | Palisade Wall |
| 11:06 | Construir | Palisade Wall |
| 11:07 | Construir | Palisade Wall |
| 11:12 | Construir | Palisade Wall |
| 11:17 | Construir | Palisade Wall |
| 11:22 | Construir | Palisade Wall |
| 11:23 | Construir | Palisade Wall |
| 11:26 | Crear | Villager (Male) |
| 11:27 | Crear | Archer |
| 11:30 | Construir | House |
| 11:31 | Crear | Spearman |
| 11:48 | Construir | Farm |
| 11:56 | Crear | Villager (Male) |
| 11:58 | Construir | Mill |
| 12:12 | Crear | Villager (Male) |
| 12:18 | Construir | Palisade Gate |
| 12:22 | Construir | Palisade Wall |
| 12:24 | Crear | Archer |
| 12:28 | Construir | Farm |
| 12:30 | Construir | Farm |
| 12:54 | Crear | Villager (Male) |
| 12:55 | Crear | Archer |
| 13:00 | Construir | House |
| 13:25 | Crear | Archer |
| 13:26 | Crear | Villager (Male) |
| 13:28 | Construir | Farm |
| 13:29 | Construir | Farm |
| 13:31 | Construir | Farm |
| 13:58 | Construir | House |
| 14:03 | Construir | Palisade Wall |
| 14:06 | Crear | Spearman |
| 14:07 | Crear | Villager (Male) |
| 14:22 | Crear | Archer |
| 14:22 | Crear | Villager (Male) |
| 14:25 | Construir | Blacksmith |
| 14:34 | Construir | Blacksmith |
| 14:40 | Crear | Villager (Male) |
| 14:41 | Crear | Archer |
| 14:50 | Construir | House |
| 14:57 | Crear | Archer |
| 15:00 | Crear | Spearman |
| 15:08 | Construir | Farm |
| 15:19 | Construir | House |
| 15:20 | Construir | Palisade Wall |
| 15:22 | Investigar | Fletching |
| 15:32 | Crear | Villager (Male) |
| 15:45 | Crear | Archer |
| 15:46 | Crear | Villager (Male) |
| 15:50 | Construir | Palisade Wall |
| 15:57 | Construir | Palisade Wall |
| 16:03 | Construir | Farm |
| 16:29 | Crear | Archer |
| 16:29 | Crear | Villager (Male) |
| 16:32 | Construir | Farm |
| 17:07 | Crear | Archer |
| 17:07 | Crear | Villager (Male) |
| 17:14 | Construir | Palisade Wall |
| 17:17 | Construir | Palisade Wall |
| 17:20 | Construir | House |
| 17:33 | Crear | Archer |
| 17:34 | Crear | Villager (Male) |
| 17:38 | Construir | Farm |
| 17:44 | Crear | Villager (Male) |
| 18:29 | Crear | Archer |
| 18:43 | Crear | Villager (Male) |
| 18:46 | Investigar | Castle Age |
| 18:50 | Construir | Palisade Wall |
| 18:54 | Construir | Palisade Wall |
| 18:56 | Construir | House |
| 19:03 | Crear | Archer |
| 19:07 | Construir | Archery Range |
| 19:29 | Investigar | Gold Mining |
| 19:31 | Crear | Archer |
| 19:57 | Investigar | Horse Collar |
| 20:09 | Crear | Archer |
| 20:11 | Crear | Archer |
| 20:21 | Construir | House |
| 20:55 | Crear | Villager (Male) |
| 21:01 | Crear | Archer |
| 21:02 | Crear | Archer |
| 21:08 | Construir | Lumber Camp |
| 21:22 | Construir | Palisade Wall |
| 21:26 | Edad | Edad de los Castillos |
| 21:33 | Investigar | Crossbowman (upgrade) |
| 21:34 | Investigar | Bodkin Arrow |
| 21:34 | Investigar | Bodkin Arrow |
| 21:48 | Construir | House |
| 21:50 | Construir | House |
| 21:52 | Crear | Villager (Male) |
| 22:10 | Investigar | Bow Saw |
| 22:12 | Crear | Archer |
| 22:12 | Crear | Archer |
| 22:17 | Construir | Farm |
| 22:36 | Crear | Archer |
| 22:36 | Crear | Archer |
| 22:37 | Crear | Villager (Male) |
| 22:39 | Construir | Farm |
| 22:41 | Construir | Farm |
| 23:06 | Construir | House |
| 23:13 | Crear | Archer |
| 23:13 | Crear | Archer |
| 23:15 | Crear | Villager (Male) |
| 23:27 | Construir | Siege Workshop |
Cronología de la partida
| 6:34 | Nathanael · first_building Barracks |
| 6:36 | Nathanael · wall_segment Palisade Wall x2 |
| 7:39 | Ikli_78 · first_building Barracks |
| 7:53 | Nathanael · wall_segment Palisade Wall x2 |
| 8:51 | Ikli_78 · age_up feudal |
| 8:53 | Ikli_78 · first_building Stable |
| 8:56 | Nathanael · wall_segment Palisade Wall x1 |
| 8:57 | Nathanael · wall_segment Palisade Wall x1 |
| 9:22 | Ikli_78 · wall_segment Palisade Wall x2 |
| 9:29 | Nathanael · age_up feudal |
| 9:55 | Nathanael · first_building Archery Range |
| 10:48 | Ikli_78 · wall_segment Palisade Wall x2 |
| 10:54 | Nathanael · wall_segment Palisade Wall x3 |
| 11:06 | Nathanael · wall_segment Palisade Wall x1 |
| 11:07 | Nathanael · wall_segment Palisade Wall x1 |
| 11:12 | Nathanael · wall_segment Palisade Wall x3 |
| 11:17 | Nathanael · wall_segment Palisade Wall x1 |
| 11:22 | Nathanael · wall_segment Palisade Wall x1 |
| 11:23 | Nathanael · wall_segment Palisade Wall x1 |
| 12:22 | Nathanael · wall_segment Palisade Wall x2 |
| 12:39 | Ikli_78 · wall_segment Palisade Wall x4 |
| 13:31 | Ikli_78 · first_building Archery Range |
| 14:03 | Nathanael · wall_segment Palisade Wall x4 |
| 14:27 | Ikli_78 · wall_segment Palisade Wall x3 |
| 14:51 | Ikli_78 · wall_segment Palisade Wall x13 |
| 15:20 | Nathanael · wall_segment Palisade Wall x5 |
| 15:50 | Nathanael · wall_segment Palisade Wall x6 |
| 15:57 | Nathanael · wall_segment Palisade Wall x5 |
| 17:14 | Nathanael · wall_segment Palisade Wall x8 |
| 17:17 | Nathanael · wall_segment Palisade Wall x8 |
| 18:50 | Nathanael · wall_segment Palisade Wall x8 |
| 18:54 | Nathanael · wall_segment Palisade Wall x5 |
| 20:26 | Ikli_78 · age_up castle |
| 21:22 | Nathanael · wall_segment Palisade Wall x1 |
| 21:26 | Nathanael · age_up castle |
| 23:27 | Nathanael · first_building Siege Workshop |
| 23:33 | Ikli_78 · first_building Monastery |
| 27:05 | Ikli_78 · first_building Castle |
| 27:43 | Nathanael · first_building Monastery |
| 31:45 | Ikli_78 · first_market_sell 100 food |
| 33:02 | Nathanael · first_building Castle |
| 35:00 | Ikli_78 · age_up imperial |
| 38:53 | Nathanael · age_up imperial |
| 40:32 | Nathanael · resign |
[ ANÁLISIS IA · 1 CRÉDITO ]
¿Qué pasó realmente en esta partida?
Wolo.gg analiza cada decisión: build order, eco, micro, errores típicos por bracket. Análisis personalizado por WhatsApp o Discord en 30 segundos.
Guía civ
Vietnamitas
Perfil
Jugador #19624025